Description

h

Replay - lIIllllIIlll v Serral: Game 2 - Acropolis LE

Build Order

Get SALT Encoding   

  12  0:00  Drone  
  13  0:13  Overlord  
  13  0:16  Drone  
  14  0:31  Drone x2  
  16  0:47  Hatchery  
  15  0:51  Drone x2  
  17  0:58  Drone  
  18  1:08  Extractor  
  17  1:13  Spawning Pool  
  17  1:16  Drone x2  
  18  1:28  Drone  
  20  1:59  Overlord, Queen x2  
  20  2:00  Zergling x4  
  26  2:12  Metabolic Boost  
  30  2:33  Spore Crawler  
  29  2:40  Hatchery  
  30  2:46  Queen  
  32  2:52  Overlord  
  36  3:06  Pneumatized Carapace  
  40  3:20  Overlord  
  42  3:29  Queen  
  49  3:47  Overlord  
  56  4:03  Queen  
  58  4:22  Lair  
  58  4:28  Baneling Nest  
  62  4:33  Queen  
  62  4:35  Zergling x10  
  67  4:41  Extractor x2  
  72  4:50  Zergling x2  
  77  5:04  Hatchery  
  78  5:14  Extractor x2  
  78  5:19  Overseer  
  78  5:20  Evolution Chamber x2  
  80  5:21  Centrifical Hooks  
  81  5:34  Baneling x8  
  81  5:36  Zergling x4  
  94  5:50  Zerg Melee Weapons Level 1  
  94  5:58  Hydralisk Den  
  93  6:09  Hatchery  
  98  6:17  Queen  
  105  6:25  Baneling x2  
  109  6:28  Muscular Augments  
  109  6:32  Extractor, Infestation Pit  
  115  6:40  Zerg Ground Armor Level 1  
  119  6:59  Hatchery  
  118  7:11  Hive  
  118  7:12  Lurker Den  
  127  7:27  Hydralisk x5  
  137  7:36  Extractor  
  140  7:37  Hydralisk x4  
  140  7:40  Grooved Spines  
  147  7:46  Hydralisk  
  147  7:49  Zerg Melee Weapons Level 2  
  165  8:10  Extractor  
  166  8:15  Seismic Spines  
  170  8:31  Viper x2  
  188  8:53  Spore Crawler  
  187  8:56  Zerg Ground Armor Level 2  
  187  9:00  Queen  
  189  9:04  Lurker x6  
  195  9:15  Spine Crawler, Extractor  
  196  9:17  Spore Crawler  
  196  9:18  Hatchery  
  196  9:19  Lurker x2  
  196  9:21  Overseer  
  185  9:39  Overseer  
  185  9:41  Adaptive Talons  
  199  9:48  Overseer  
Spawning Tool Build Advisor. Get it on Overwolf

Go to:

Details

  • Created by: jakeko4
  • Published on: Mar 30, 2020
  • Modified on: Mar 30, 2020
  • Patch: 4.11.0
Show
View Real Time Build Order
Export as new Build Order

Comments (0)

There are no comments. Be the first!

Create an account to comment!